 Dungeon Crawl Stone Soup version 0.28.0-53-g5a82cb258f (webtiles) character file.

Game seed: 8656494451579439386

5082 Nyth the Basher (level 10, -4/89 (90) HPs)
             Began as a Red Draconian Berserker on Aug 8, 2022.
             Was an Elder of Trog.
             Slain by a killer bee (9 damage)
             ... on level 10 of the Dungeon.
             The game lasted 00:42:09 (14077 turns).

Nyth the Basher (Red Draconian Berserker)          Turns: 14077, Time: 00:42:09

HP:   -4/89 (90)    AC:  7    Str: 21    XL:     10   Next: 31%
MP:   10/10         EV: 14    Int:  7    God:    Trog [****..]
Gold: 478           SH:  3    Dex: 14    Spells: 9/9 levels left

rFire   + . .      SeeInvis .   w - +1 whip (drain)
rCold   . . .      Faith    .   h - +0 buckler
rNeg    . . .      Spirit   .   (armour unavailable)
rPois   .          Reflect  .   (helmet restricted)
rElec   .          Harm     +   k - scarf {harm}
rCorr   .          Rampage  .   (no gloves)
Will    +....                   (no boots)
Stlth   +.........              j - amulet of magic regeneration
HPRegen 0.24/turn               f - ring of willpower
MPRegen 0.52/turn               a - ring of flight

@: short of breath, on berserk cooldown, flying, slowed, lightly drained, very
slow
A: breathe fire, AC +7, unfitting armour, fire resistance 1, cold-blooded
a: Breathe Fire, Renounce Religion, Berserk, Trog's Hand, Brothers in Arms


You were on level 10 of the Dungeon.
You worshipped Trog.
Trog was greatly pleased with you.
You visited 1 branch of the dungeon, and saw 10 of its levels.

You collected 478 gold pieces.

Inventory:

Hand Weapons
 c - a +0 shortbow
 e - a +5 halberd
 g - a +1 falchion of flaming
 l - a +2 antimagic dagger
 q - a +0 morningstar of protection
 w - a +1 whip of draining (weapon)
Missiles
 d - 13 arrows
Armour
 h - a +0 buckler (worn)
 k - a scarf of harm (worn)
 n - a +1 hat
Jewellery
 a - a ring of flight (right hand)
 f - a ring of willpower (left hand)
 j - an amulet of magic regeneration (around neck)
Wands
 t - a wand of acid (18)
 u - a wand of paralysis (6)
Scrolls
 i - 5 scrolls of teleportation
 m - a scroll of amnesia
 o - 3 scrolls of identify {unknown}
 p - a scroll of enchant weapon {unknown}
 r - 4 scrolls of magic mapping {unknown}
 y - a scroll of fog {unknown}
Potions
 b - 2 potions of brilliance
 s - 3 potions of flight


   Skills:
 * Level 8.9 Fighting
 + Level 2.1 Short Blades
 * Level 11.2 Maces & Flails
 + Level 1.7 Polearms
 * Level 7.2 Dodging
 + Level 0.1 Shields


You had 9 spell levels left.
You didn't know any spells.
Your spell library contained the following spells:

 Spells                   Type           Power      Damage    Failure   Level
 Apportation              Tloc           0%         N/A       54%         1
 Magic Dart               Conj           0%         1d3       54%         1
 Searing Ray              Conj           0%         2d4       67%         2
 Gell's Gravitas          Tloc           0%         N/A       88%         3
 Summon Guardian Golem    Hex/Summ       0%         N/A       88%         3
 Teleport Other           Tloc           0%         N/A       88%         3
 Tukima's Dance           Hex            0%         N/A       88%         3
 Anguish                  Hex/Necr       0%         N/A       99%         4
 Fulminant Prism          Conj/Hex       0%         3d6       99%         4
 Summon Ice Beast         Ice/Summ       0%         N/A       99%         4
 Alistair's Intoxication  Tmut/Pois      0%         N/A       100%        5
 Summon Mana Viper        Hex/Summ       0%         N/A       100%        5
 Dispersal                Tloc           0%         N/A       100%        6
 Enfeeble                 Hex            0%         N/A       100%        7
 Monstrous Menagerie      Summ           0%         N/A       100%        7
 Orb of Destruction       Conj           0%         9d5       100%        7
 Spellforged Servitor     Conj/Summ      0%         N/A       100%        7


Dungeon Overview and Level Annotations

Branches:
Dungeon (10/15)            Temple (0/1) D:4
   Lair: D:8-11         Orc: D:9-12

Altars:
Elyvilon
Gozag
Uskayaw

Shops:
D:5 !   D:6 ?


Innate Abilities, Weirdness & Mutations

You can breathe blasts of fire.
Your fiery red scales are hard. (AC +7)
You cannot fit into any form of body armour.
Your flesh is heat resistant. (rF+)
You are cold-blooded and may be slowed by cold attacks.


Message History

The killer bee stings you.
You are more poisoned.
The killer bee poisons you! The killer bee stings you.
You block the killer bee's attack. The killer bee stings you.
The killer bee stings you but does no damage.
The killer bee completely misses you.
The killer bee stings you but does no damage.
The killer bee stings you.
It was a potion of curing.
You feel better. The killer bee barely misses you. The killer bee stings you!
The killer bee stings you. The killer bee completely misses you.
The killer bee stings you but does no damage.
The killer bee closely misses you. The killer bee barely misses you.
The killer bee closely misses you. You block the killer bee's attack.
The killer bee barely misses you.
The killer bee stings you but does no damage.
The killer bee barely misses you.
You barely miss the killer bee. You tail-slap the killer bee!
The killer bee is heavily wounded.
The killer bee stings you.
* * * LOW HITPOINT WARNING * * *
The killer bee misses you. The killer bee completely misses you.
You block the killer bee's attack. The killer bee stings you.
* * * LOW HITPOINT WARNING * * *
The killer bee misses you. The killer bee stings you.
* * * LOW HITPOINT WARNING * * *
You block the killer bee's attack.
You whack the killer bee!
You kill the killer bee!
Trog accepts your kill. The killer bee closely misses you.
The killer bee misses you. The killer bee stings you!
* * * LOW HITPOINT WARNING * * *
The killer bee misses you. The killer bee stings you.
* * * LOW HITPOINT WARNING * * *
You block the killer bee's attack.
The killer bee completely misses you. x2
The killer bee stings you but does no damage.
The killer bee stings you!
You die...

#......#
#......#
#......#
#......#
#......#
#......#
#......#
#○yy...#..
#.@y.......
#..........
#..........
#..........
######.....
.#### .#


You could see 3 killer bees.

Vanquished Creatures
  A two-headed ogre (D:9)
  A hornet (D:8)
  A wraith (D:9)
  A wyvern (D:9)
  2 steam dragons
  A water moccasin (D:9)
  2 ice beasts
  An orc warrior (D:9)
  A hornet zombie (D:7)
  A necrophage (D:4)
  A black bear (D:5)
  A centaur (D:8)
  An ogre (D:6)
  5 bullfrogs
  2 kobold brigands
  2 scorpions
  2 gnoll sergeants (D:5)
  A water moccasin skeleton (D:6)
  4 killer bees
  11 wights
  5 howler monkeys
  2 bullfrog zombies
  3 centaur zombies
  7 hounds
  3 orc priests
  A centaur skeleton (D:6)
  3 gnoll shamans
  5 orc wizards
  4 iguanas
  A scorpion zombie (D:5)
  A killer bee zombie (D:8)
  A hound zombie (D:5)
  A hound skeleton (D:5)
  A mummy (D:5)
  26 gnolls
  7 adders
  An adder skeleton (D:4)
  5 worms
  A dart slug (D:4)
  22 orcs
  8 endoplasms
  6 giant cockroaches
  11 goblins
  8 hobgoblins
  18 jackals
  25 kobolds
  A quokka (D:1)
  6 ball pythons
  6 bats
  5 frilled lizards
  A goblin zombie (D:5)
  An orc zombie (D:5)
  8 rats
246 creatures vanquished.

Vanquished Creatures (others)
  A plant (D:1)
1 creature vanquished.

Grand Total: 247 creatures vanquished

Notes
Turn   | Place    | Note
-------+----------+-------------------------------------------
     0 | D:1      | Nyth the Draconian Berserker began the quest for the Orb.
     0 | D:1      | Reached XP level 1. HP: 19/19 MP: 1/1
   457 | D:1      | Reached XP level 2. HP: 26/26 MP: 2/2
   656 | D:1      | Reached ** piety under Trog
   660 | D:1      | Reached XP level 3. HP: 30/33 MP: 3/3
  1890 | D:2      | Found a faded altar of an unknown god.
  1916 | D:2      | Reached skill level 4 in Maces & Flails
  2502 | D:2      | Reached XP level 4. HP: 40/40 MP: 4/4
  3418 | D:4      | Reached *** piety under Trog
  3501 | D:4      | Reached XP level 5. HP: 47/47 MP: 2/5
  4061 | D:4      | Found a staircase to the Ecumenical Temple.
  4208 | D:4      | Reached skill level 1 in Short Blades
  4352 | D:4      | Reached skill level 5 in Maces & Flails
  4500 | D:4      | Reached XP level 6. HP: 55/55 MP: 6/6
  4510 | D:4      | Reached skill level 5 in Fighting
  4802 | D:4      | Identified the +0 pair of boots of Peek-a-Boo {Int+6}
  5121 | D:5      | Entered Level 5 of the Dungeon
  5168 | D:5      | Reached skill level 1 in Polearms
  5168 | D:5      | Your scales start taking on a fiery red colour.
  5168 | D:5      | Reached XP level 7. HP: 60/61 MP: 7/7
  5168 | D:5      | Gained mutation: Your flesh is heat resistant. (rF+) [Red
                  | Draconian growth]
  5439 | D:5      | Noticed a steam dragon
  5447 | D:5      | Killed a steam dragon
  5448 | D:5      | Reached skill level 6 in Maces & Flails
  5540 | D:5      | Reached XP level 8. HP: 43/70 MP: 8/8
  5745 | D:5      | Reached skill level 7 in Maces & Flails
  6036 | D:5      | Found Obazo's Distillery.
  6076 | D:5      | Found an opulent altar of Gozag.
  6117 | D:5      | Reached skill level 5 in Dodging
  6459 | D:5      | Identified the +2 leather armour of the Kettle-Drum {-Tele
                  | rElec rF+ Regen+}
  7116 | D:6      | Reached skill level 8 in Maces & Flails
  7232 | D:6      | Found Berizups's Magic Scroll Shoppe.
  7962 | D:6      | Reached XP level 9. HP: 78/78 MP: 9/9
  7964 | D:6      | Reached skill level 9 in Maces & Flails
  8346 | D:7      | Found a white marble altar of Elyvilon.
  8346 | D:7      | Found a hide-covered altar of Uskayaw.
  8461 | D:7      | Reached **** piety under Trog
  8464 | D:7      | Identified the +1 robe of Melancholy {rF+ Int+3 Stlth+}
 11578 | D:8      | Reached skill level 10 in Maces & Flails
 13054 | D:9      | Reached XP level 10. HP: 84/89 MP: 10/10
 13600 | D:9      | Noticed a two-headed ogre
 13609 | D:9      | Killed a two-headed ogre
 13610 | D:9      | Reached skill level 11 in Maces & Flails
 14063 | D:10     | Entered Level 10 of the Dungeon
 14077 | D:10     | Slain by a killer bee

Illustrated notes

Levels and vault maps discovered:
D:1:      dpeg_arrival_pond, layout_loops_cross, st_stairs_5,
          serial_bayou_lagoon_b
D:2:      layout_loops_ring, hellmonk_ecumenical_altar_crossroads
D:3:      layout_rooms
D:4:      layout_loops_ring, minmay_temple_entry_junction
D:5:      layout_cave_pools, mainiacjoe_overflow_surrounded_room,
          nicolae_ossuary_entry_giza, serial_gnoll_camp, gnoll_camp_mini_house,
          gnoll_camp_mini_basic, gnoll_camp_mini_basic,
          gnoll_camp_mini_doghouse, gnoll_camp_mini_shop
D:6:      layout_loops_ring, serial_shops, nicolae_square_shop
D:7:      layout_basic, gammafunk_temple_overflow_wave
D:8:      layout_cave_pools, minmay_three_doors
D:9:      layout_grid_maze, kennysheep_decorative_pillar, grunt_ministairs_3
D:10:     layout_grid_maze, mainiacjoe_overflow_cross_hatched,
          david_lair_generic, minmay_the_grid_2x2 [minmay_the_grid_pillar_ring,
          minmay_the_grid_zigzag_pyramid, minmay_the_grid_paths,
          minmay_the_grid_prize_four_corners_diamond_a]

Skill      XL: |  1  2  3  4  5  6  7  8  9 10 |
---------------+-------------------------------+-----
Fighting       | 4 5 6 8 |  8.9
Maces & Flails | 4 5 6 8 10 11 | 11.2
Dodging        | 3 4 5 6 7 |  7.2
Short Blades   | 1 2 |  2.1
Polearms       | 1 |  1.7
Shields        | |  0.1

Action                   |  1- 3 |  4- 6 |  7- 9 | 10-12 || total
-------------------------+-------+-------+-------+-------++-------
Melee: Mace              |    56 |       |       |       ||    56
       Tailslap          |    11 |    18 |    81 |     7 ||   117
       Whip              |    77 |    62 |   268 |    51 ||   458
       Short sword       |    10 |    65 |       |       ||    75
       Punch             |     1 |       |     7 |       ||     8
       Morningstar       |       |    24 |   221 |       ||   245
       Halberd           |       |    24 |       |       ||    24
       Dagger            |       |       |    12 |       ||    12
Invok: Berserk           |     4 |     4 |    17 |     3 ||    28
 Abil: Breathe Fire      |       |       |     4 |     1 ||     5
  Use: Scroll            |     3 |     2 |     2 |       ||     7
       Potion            |       |     4 |     5 |     1 ||    10
 Stab: Sleeping          |     2 |     2 |     1 |       ||     5
       Distracted        |     1 |       |       |       ||     1
       Invisible         |       |       |    12 |       ||    12
Armor: Skin              |    59 |    79 |   158 |    18 ||   314
Dodge: Dodged            |    94 |   148 |   343 |    55 ||   640
Block: Buckler           |       |       |       |    14 ||    14
